 Dungeon Crawl Stone Soup version 0.28-a0-1447-ga5a8893891 (webtiles) character file.

Game seed: 1945713197278098715

99 HallandMoats the Skirmisher (level 4, -3/29 HPs)
             Began as a Gargoyle Fighter on Jan 12, 2022.
             Was an Initiate of Ru.
             Slain by Crazy Yiuf (4 damage)
             ... on level 2 of the Dungeon.
             The game lasted 00:01:58 (2416 turns).

HallandMoats the Skirmisher (Gargoyle Fighter)      Turns: 2416, Time: 00:01:59

Health: -3/29      AC: 12    Str: 22    XL:     4   Next: 72%
Magic:  2/4        EV:  9    Int:  8    God:    Ru [......]
Gold:   68         SH:  4    Dex:  9    Spells: 3/3 levels left

rFire   . . .      SeeInvis .   a - +0 war axe
rCold   . . .      Faith    .   c - +0 buckler
rNeg    + . .      Spirit   .   b - +0 scale mail
rPois   ∞          Reflect  .   f - +1 helmet
rElec   +          Harm     .   (no cloak)
rCorr   .          Rampage  .   (no gloves)
Will    .....                   (no boots)
Stlth   ..........              (no amulet)
HPRegen 0.09/turn               (no ring)
MPRegen 0.09/turn               (no ring)

@: hasted, very quick
A: sickness immunity, AC +3, negative energy resistance 1, electricity
resistance, torment resistance 1, petrification resistance
a: Renounce Religion


You were on level 2 of the Dungeon.
You worshipped Ru.
Ru was noncommittal.
You visited 1 branch of the dungeon, and saw 2 of its levels.

You collected 68 gold pieces.

Inventory:

Hand Weapons
 a - a +0 war axe (weapon)
Armour
 b - a +0 scale mail (worn)
 c - a +0 buckler (worn)
 f - a +1 helmet (worn)
Jewellery
 k - a +6 ring of dexterity
 o - an amulet of guardian spirit
Scrolls
 e - a scroll of summoning {unknown}
 h - 2 scrolls of fog {unknown}
 m - a scroll of identify {unknown}
 n - 3 scrolls of teleportation {unknown}
 p - a scroll of immolation {unknown}
Potions
 d - a potion of might
 g - a potion of resistance {unknown}
 i - a potion of brilliance {unknown}
 j - a potion of heal wounds
 l - 2 potions of curing {unknown}


   Skills:
 * Level 4.1 Fighting
 * Level 2.6 Axes
 + Level 3.8 Armour
 + Level 1.0 Dodging
 + Level 3.8 Shields


You had 3 spell levels left.
You didn't know any spells.
Your spell library was empty.

Dungeon Overview and Level Annotations

Branches:
Dungeon (2/15)

Altars:
Ru

Shops:
D:2 *[=?:

Annotations:
D:2 Crazy Yiuf


Innate Abilities, Weirdness & Mutations

You are immune to sickness and miasma.
Your stone body is resilient. (AC +3)
You are immune to poison.
You resist negative energy. (rN+)
You are resistant to electric shocks. (rElec)
You are resistant to unholy torment.
You are immune to petrification.


Message History

No target in view!
You open the door.
There is an open door here.
There is an open door here.
There is an open door here.
There is an open door here.
Crazy Yiuf shouts!
No reachable target in view!
You open the door.
Crazy Yiuf zaps a wand.
You resist with some effort.
Crazy Yiuf hits you with a +3 quarterstaff of chaos!
You feel your power leaking away.
There is an open translucent door here.
You slash Crazy Yiuf!
Crazy Yiuf is severely wounded.
Crazy Yiuf hits you with a +3 quarterstaff of chaos.
Crazy Yiuf freezes you.
You closely miss Crazy Yiuf.
Crazy Yiuf is severely wounded.
Crazy Yiuf completely misses you.
Crazy Yiuf cries, "Race!
Proton song disdain."
Crazy Yiuf drinks a potion.
Crazy Yiuf is healed!
You slash Crazy Yiuf!
Crazy Yiuf is moderately wounded.
Crazy Yiuf hits you with a +3 quarterstaff of chaos!
* * * LOW HITPOINT WARNING * * *
You feel yourself speed up.
You hit Crazy Yiuf.
Crazy Yiuf is heavily wounded.
Crazy Yiuf hits you with a +3 quarterstaff of chaos.
* * * LOW HITPOINT WARNING * * *
You hit Crazy Yiuf.
Crazy Yiuf is severely wounded.
Crazy Yiuf hits you but does no damage.
You hit Crazy Yiuf.
Crazy Yiuf is almost dead.
Crazy Yiuf barely misses you.
You barely miss Crazy Yiuf.
Crazy Yiuf is almost dead.
Crazy Yiuf hits you with a +3 quarterstaff of chaos.
You die...

8##...##
#....# #.#
.#.....##
♣.P..♣ ###
........##
♣..P♣♣
.........###
♣♣.♣♣
.........'.#
♣.♣♣
.........###
♣♣.♣
#.......##
♣.♣♣
##.....##
♣♣.♣ ##...##
#@# ##+##
#.g.# #.#
#...# #.#
#..)# ##.##
#####
###...######
...........#
.##...######
.###.##


You could see Crazy Yiuf.

Vanquished Creatures
  A hound (D:2)
  Jessica (D:2)
  An adder (D:2)
  A worm (D:2)
  5 endoplasms
  A giant cockroach (D:1)
  2 goblins (D:2)
  4 hobgoblins (D:2)
  3 quokkas (D:1)
  3 ball pythons
  5 bats
  A frilled lizard (D:2)
  2 kobolds
  A rat (D:2)
31 creatures vanquished.

Notes
Turn   | Place    | Note
-------+----------+-------------------------------------------
     0 | D:1      | HallandMoats the Gargoyle Fighter began the quest for the
                  | Orb.
     0 | D:1      | Reached XP level 1. HP: 14/14 MP: 1/1
   370 | D:1      | Reached XP level 2. HP: 17/19 MP: 2/2
   954 | D:1      | Found a faded altar of an unknown god.
  1083 | D:1      | Prayed at the altar of an unknown god.
  1083 | D:1      | Became a worshipper of Ru the Awakened
  1150 | D:2      | Noticed Jessica
  1159 | D:2      | Killed Jessica
  1160 | D:2      | Reached XP level 3. HP: 17/24 MP: 3/3
  1249 | D:2      | Found Kips's Antique Armour Emporium.
  1281 | D:2      | Found Umecain's Jewellery Shoppe.
  1339 | D:2      | Reached XP level 4. HP: 12/29 MP: 4/4
  1593 | D:2      | Reached skill level 4 in Fighting
  1748 | D:2      | Found Tiuwkelad's General Store.
  1777 | D:2      | Reached skill level 1 in Dodging
  1812 | D:2      | Found Otiank's Magic Scroll Shop.
  2030 | D:2      | Found Liradum's Book Boutique.
  2224 | D:2      | Found a runed translucent door.
  2225 | D:2      | Noticed Crazy Yiuf
  2413 | D:2      | HP: 1/29 [Crazy Yiuf (2)]
  2416 | D:2      | Slain by Crazy Yiuf

Illustrated notes

Levels and vault maps discovered:
D:1:      eino_arrival_cavern_b, layout_basic, dreamdust_ecumenical_altar_grove,
          serial_forest, infiniplex_forest_clump_curved,
          infiniplex_forest_3_way, infiniplex_forest_zigzag_1,
          infiniplex_forest_straight_3
D:2:      layout_loops_corners, serial_shops, shop, nicolae_shop_statue_plus,
          nicolae_shop_temple_entry_statues_fountains,
          nicolae_shop_advertising_works [nicolae_subvault_shop_adworks], shop,
          hangedman_abyss_or_decor_stabs, uniq_jessica, uniq_crazy_yiuf_cottage

Skill      XL: |  1  2  3  4 |
---------------+-------------+-----
Axes           | 2 |  2.6
Fighting       | 4 |  4.1
Dodging        | 1 |  1.0
Armour         | |  3.8
Shields        | |  3.8

Action                   |  1- 3 |  4- 6 || total
-------------------------+-------+-------++-------
Melee: War axe           |    54 |    57 ||   111
Invok: Reject Sacrifices |     1 |       ||     1
Armor: Scale mail        |    41 |    29 ||    70
Dodge: Dodged            |    39 |    26 ||    65
Block: Buckler           |    13 |    14 ||    27

Table legend: (Time is in decaauts)
 A = Elapsed time spent in this place.
 B = Non-inter-level travel time spent in this place.
 C = Inter-level travel time spent in this place.
 D = Time resting spent in this place.
 E = Time spent auto-exploring this place.
 F = Levels seen in this place.
 G = Mean time per level.
                   A        B        C        D        E       F      G
               +--------+--------+--------+--------+--------+-----+--------+
         Total |   2463 |   2340 |    123 |      0 |   2052 |   2 | 1231.5 |
       Dungeon |   2463 |   2340 |    123 |      0 |   2052 |   2 | 1231.5 |
               +--------+--------+--------+--------+--------+-----+--------+

Top non-repeatable levels by time:
     D:2: 1329 daAuts
     D:1: 1133 daAuts
